 Dungeon Crawl Stone Soup version 0.25-a0-869-g05d4e06a41 (webtiles) character file.

Game seed: 17076940335594964943, levelgen mode: deterministic

53 Maedhros the Poker (level 3, -6/26 HPs)
             Began as an Octopode Chaos Knight on May 1, 2020.
             Was a Plaything of Xom.
             Killed from afar by an orc wizard (13 damage)
             ... with a puff of frost
             ... on level 4 of the Dungeon.
             The game lasted 00:01:11 (515 turns).

Maedhros the Poker (Octopode Chaos Knight)           Turns: 515, Time: 00:01:13

Health: -6/26      AC:  1    Str: 11    XL:     3   Next: 87%
Magic:  3/3        EV: 13    Int: 14    God:    Xom [..*...]
Gold:   15         SH:  0    Dex: 12    Spells: 2/2 levels left

rFire    . . .     SeeInvis .   a - +0 spear (chaos)
rCold    . . .     Gourm    .   (no shield)
rNeg     . . .     Faith    .   (helmet restricted)
rPois    .         Spirit   .   (no amulet)
rElec    .         Reflect  .   (no ring)
rCorr    .         Harm     .   (no ring)
MR       .....                  (no ring)
Stlth    ++........             (no ring)
HPRegen  0.08/turn              (no ring)
MPRegen  0.08/turn              (no ring)
                                (no ring)
                                (no ring)

@: confused, mighty
A: almost no armour, stealthy swim, amphibious, 8 rings, constrict 8, camouflage
1, gelatinous body 1
a: Renounce Religion


You were on level 4 of the Dungeon.
You worshipped Xom.
You were a toy of Xom.
You were not hungry.

You visited 1 branch of the dungeon, and saw 4 of its levels.

You collected 15 gold pieces.

Inventory:

Hand Weapons
 a - a +0 spear of chaos (weapon)
Armour
 f - a +0 tower shield
Scrolls
 h - a scroll of fear {unknown}
Potions
 e - a potion of ambrosia
 g - a potion of brilliance {unknown}
 i - 2 potions of resistance {unknown}
 j - a potion of stabbing {unknown}
Comestibles
 b - 4 rations


   Skills:
 - Level 3.0 Fighting
 + Level 4.7 Polearms
 - Level 2.3 Dodging


You had 2 spell levels left.
You didn't know any spells.
Your spell library was empty.

Dungeon Overview and Level Annotations

Branches:
Dungeon (4/15)
 Temple: D:4-7

Altars:
Fedhas
Hepliaklqana

Shops:
D:4 [

Annotations:
D:3 3 runed translucent doors, voshxx's ghost, amateur OgFE


Innate Abilities, Weirdness & Mutations

You cannot wear most types of armour.
You are very stealthy in the water. (Stealth+)
You are amphibious.
You can wear up to eight rings at the same time.
You can use your tentacles to constrict eight enemies at once.
Your skin changes colour to match your surroundings (Stealth+).
Your rubbery body absorbs attacks. (AC +1, EV +1)


Message History

The orc wizard points at you and mumbles some strange words.
The puff of frost hits you.
Okay, then.
It was a potion of magic.
Magic courses through your body.
Xom roars with laughter!
The orc wizard points at you and mumbles some strange words.
The puff of flame hits you.
* * * LOW HITPOINT WARNING * * *
A shower of butterflies erupts from you!
It was a potion of might.
You feel very mighty all of a sudden.
Xom roars with laughter!
It was a potion of ambrosia.
You are confused.
You feel invigorated.
The orc wizard gestures at you while chanting.
The puff of frost hits you!
Ouch! That really hurt!
You die...
Xom titters!

#...(....#
#........#
#........#
#.......<#
####........#
......)o....#
.......#)#o.#
.....o.#∩#o.#
.......#'#@.#
.......obbb.#
........b...#
####........#
#........#
#....b...#
#........#
#........#
#........#


You could see an orc wizard and 2 orcs.

Vanquished Creatures
  2 adders
  An ooze (D:1)
  2 dart slugs
  2 orcs (D:4)
  2 bats
  A goblin (D:1)
  2 hobgoblins (D:1)
  8 jackals
  2 frilled lizards
  A kobold (D:3)
  A rat (D:2)
24 creatures vanquished.

Notes
Turn   | Place    | Note
-------+----------+-------------------------------------------
     0 | D:1      | Maedhros the Octopode Chaos Knight began the quest for the
                  | Orb.
     0 | D:1      | Reached XP level 1. HP: 16/16 MP: 1/1
    28 | D:1      | Reached XP level 2. HP: 14/21 MP: 2/2
    29 | D:1      | XOM: silly message
   150 | D:1      | XOM: divination: magic mapping
   179 | D:2      | Found a blossoming altar of Fedhas.
   199 | D:2      | Reached skill level 4 in Polearms
   212 | D:2      | Reached XP level 3. HP: 16/26 MP: 3/3
   247 | D:2      | Found a hazy altar of Hepliaklqana.
   296 | D:2      | XOM: silly message
   384 | D:2      | You fall into a shaft and drop 1 floor!
   417 | D:3      | Found a runed translucent gate.
   418 | D:3      | Found a runed translucent gate.
   418 | D:3      | Found a runed translucent gate.
   422 | D:3      | Noticed voshxx's ghost (amateur OgFE)
   493 | D:4      | Found Eleso's Armour Shop.
   510 | D:4      | XOM: silly message
   513 | D:4      | XOM: butterfly on damage
   515 | D:4      | Killed from afar by an orc wizard

Levels and vault maps discovered:
D:1:      ebering_hopf_link, layout_basic, minmay_misc_feat_doors
D:2:      layout_loops_corners, lemuel_doored_altar, fedhas_altar_1,
          hangedman_decor_growths, minivault_5, minmay_tetromino_s4
D:3:      layout_loops_ring, gammafunk_ghost_split, first_ration, uniq_jessica
D:4:      layout_gridville, serial_shops, nicolae_shop_crystal,
          kennysheep_mini_moat, nicolae_shop_crystal, uniq_robin, uniq_sigmund,
          uniq_ijyb

Skill      XL: |  1  2 |
---------------+-------+-----
Polearms       | 4 |  4.7
Fighting       | |  3.0
Dodging        | |  2.3

Action                   || total
-------------------------++-------
Melee: Spear             ||    62
       Constrict         ||    14
       Tentacles         ||    12
  Use: Potion            ||     3
 Stab: Sleeping          ||     5
       Petrifying        ||     1
Dodge: Dodged            ||    27

Table legend:
 A = Non-vault XP
 B = Vault XP
 C = Vault XP percentage of total XP
 D = Non-vault monster count
 E = Vault monster count
 F = Vault count percentage of total count
                 A         B        C        D         E       F
            +---------+---------+-------+---------+---------+-------
      Total |      76 |       0 |   0.0 |      24 |       0 |   0.0
            +---------+---------+-------+---------+---------+-------
        D:1 |      26 |       0 |   0.0 |      10 |       0 |   0.0
        D:2 |      25 |       0 |   0.0 |       8 |       0 |   0.0
        D:3 |      19 |       0 |   0.0 |       4 |       0 |   0.0
        D:4 |       6 |       0 |   0.0 |       2 |       0 |   0.0
            +---------+---------+-------+---------+---------+-------
